 Dungeon Crawl Stone Soup version 0.23-a0-417-gf02c810 (webtiles) character file.

76398 Bacchus the Impassioned (level 15, 0/124 HPs)
             Began as a Centaur Enchanter on Nov 10, 2018.
             Was an Initiate of Uskayaw.
             Slain by an orc knight
             ... wielding a +1 battleaxe
              (10 damage)
             ... on level 1 of the Orcish Mines.
             The game lasted 02:09:51 (29350 turns).

Bacchus the Impassioned (Centaur Enchanter)        Turns: 29350, Time: 02:09:51

Health: 0/124      AC: 22    Str: 18    XL:     15   Next: 12%
Magic:  17/27      EV:  7    Int: 12    God:    Uskayaw [......]
Gold:   1090       SH:  5    Dex: 12    Spells: 15/17 levels left

rFire    . . .     SeeInvis .   a - +3 broad axe (chop)
rCold    + . .     Gourm    .   (no shield)
rNeg     . . .     Faith    .   A - +0 chain mail {rC+}
rPois    .         Spirit   .   (helmet restricted)
rElec    .         Reflect  +   v - +2 cloak {MR+}
rCorr    .         Harm     .   R - +1 pair of gloves
MR       ++...                  (no barding)
Stlth    ..........             x - amulet of Julenk {Reflect Str+3 SH+5}
HPRegen  0.30/turn              Q - +1 ring of protection
MPRegen  0.20/turn              (no ring)

@: very quick
A: large, antennae 2, hooves 3, icy blue scales 1, slimy green scales 1,
deformed body, dopey 1, speed 2, shaggy fur 1, tough skin 3
a: Renounce Religion


You were on level 1 of the Orcish Mines.
You worshipped Uskayaw.
Uskayaw was most pleased with you.
You were hungry.

You visited 5 branches of the dungeon, and saw 21 of its levels.
You also visited: Sewer and Bailey.

You collected 1435 gold pieces.
You spent 345 gold pieces at shops.

Inventory:

Hand Weapons
 a - a +3 broad axe of chopping (weapon)
   (You found it on level 6 of the Lair of Beasts)
 b - a +0 shortbow of freezing
   (You took it off a centaur on level 5 of the Dungeon)
 c - a +0 blowgun
   (You took it off a kobold in a sewer)
 w - a +4 hand axe of flaming
   (You took it off an orc on level 4 of the Dungeon)
Missiles
 j - 5 curare-tipped needles
 q - 337 arrows
 r - 55 poisoned needles
 F - 2 throwing nets {=f, !d}
 I - 71 tomahawks of returning (quivered)
Armour
 v - a +2 cloak of magic resistance (worn)
   (You found it on level 4 of the Dungeon)
 z - the +1 cloak "Jaxeampi" {rPois Str-3 Int+8}
   (You found it on level 3 of the Lair of Beasts)

   It affects your strength (-3).
   It affects your intelligence (+8).
   It protects you from poison.
 A - a +0 chain mail of cold resistance (worn)
   (You took it off an orc on level 5 of the Dungeon)
 O - a scarf of cloud immunity
   (You found it on level 6 of the Lair of Beasts)
 R - a +1 pair of gloves (worn)
   (You found it on level 10 of the Dungeon)
Jewellery
 x - the amulet of Julenk (around neck) {Reflect Str+3 SH+5}
   (You found it on level 8 of the Dungeon)

   [amulet of reflection]

   It shields you and reflects attacks.
   It affects your strength (+3).
   It affects your SH (+5).
 K - the amulet "Ezack" {+Rage MP+9 Str+4 Int+3 SInv}
   (You found it on level 4 of the Lair of Beasts)

   [amulet of rage]

   It affects your strength (+4).
   It affects your intelligence (+3).
   It affects your magic capacity (+9).
   It lets you see invisible.
   It lets you go berserk.
 Q - a +1 ring of protection (left hand)
   (You found it on level 4 of the Dungeon)
Wands
 s - a wand of iceblast (6)
   (You found it on level 4 of the Lair of Beasts)
 y - a wand of digging (2)
   (You found it on level 5 of the Dungeon)
 G - a wand of disintegration (28)
   (You found it on level 3 of the Lair of Beasts)
 J - a wand of flame (22)
   (You took it off Psyche on level 8 of the Dungeon)
 N - a wand of acid (19)
   (You found it on level 6 of the Lair of Beasts)
Scrolls
 e - 7 scrolls of remove curse
 g - 3 scrolls of enchant armour
 h - 6 scrolls of immolation {!r}
 i - 8 scrolls of teleportation
 t - 2 scrolls of identify
 u - 3 scrolls of amnesia
 B - 3 scrolls of enchant weapon
 E - 2 scrolls of fear
 H - 2 scrolls of vulnerability {!r!r}
 T - a scroll of fog
Potions
 d - 11 potions of brilliance
 k - 3 potions of agility
 l - 9 potions of curing
 m - 2 potions of flight
 n - 6 potions of heal wounds
 o - 3 potions of resistance
 C - a potion of berserk rage {!q}
 D - 5 potions of haste
 L - a potion of lignification {!q}
 S - 2 potions of might
 V - 2 potions of magic
Miscellaneous
 M - a lamp of fire
   (You found it on level 5 of the Lair of Beasts)
 P - a phantom mirror
Comestibles
 f - 28 rations
 p - 5 chunks of flesh {@w0}


   Skills:
 - Level 9.0 Fighting
   Level 0.8 Short Blades
 - Level 10.0 Axes
 - Level 10.0 Armour
 - Level 4.9 Dodging
 - Level 1.7 Stealth
 - Level 1.5 Spellcasting
 - Level 2.6 Hexes
 + Level 16.7 Invocations


You had 15 spell levels left.
You knew the following spells:

 Your Spells              Type           Power        Failure   Level  Hunger
a - Corona                Hex            #......      63%         1    ##.....
g - Apportation           Tloc           #.....       94%         1    ##.....

Your spell library contained the following spells:

 Spells                   Type           Power        Failure   Level  Hunger
 Confusing Touch          Hex            #.....       63%         1    ##.....
 Slow                     Hex            #.......     77%         2    ###....
 Ensorcelled Hibernation  Hex/Ice        #.....       91%         2    ###....
 Animate Skeleton         Necr           N/A          94%         1    ##.....
 Beastly Appendage        Tmut           #.....       94%         1    ##.....
 Freeze                   Ice            #...         94%         1    ##.....
 Magic Dart               Conj           #...         94%         1    ##.....
 Shock                    Conj/Air       #...         94%         1    ##.....
 Summon Small Mammal      Summ           #...         94%         1    ##.....
 Confuse                  Hex            #.......     94%         3    ####...
 Tukima's Dance           Hex            #.......     94%         3    ####...
 Blink                    Tloc           N/A          98%         2    ###....
 Call Imp                 Summ           #.......     98%         2    ###....
 Sticks to Snakes         Tmut           #.......     98%         2    ###....
 Swiftness                Chrm/Air       #.......     98%         2    ###....
 Throw Frost              Conj/Ice       #.....       98%         2    ###....
 Dazzling Spray           Conj/Hex       #.....       99%         3    ####...
 Conjure Flame            Conj/Fire      #.......     100%        3    ####...
 Gell's Gravitas          Tloc           #.........   100%        3    ####...
 Mephitic Cloud           Conj/Pois/Air  #.......     100%        3    ####...
 Ozocubu's Armour         Chrm/Ice       #.......     100%        3    ####...
 Spider Form              Tmut/Pois      #.........   100%        3    ####...
 Static Discharge         Conj/Air       #.......     100%        3    ####...
 Airstrike                Air            #.........   100%        4    #####..
 Ice Form                 Ice/Tmut       #.......     100%        4    #####..
 Petrify                  Tmut/Erth      #.......     100%        4    #####..
 Summon Ice Beast         Ice/Summ       #.......     100%        4    #####..
 Throw Icicle             Conj/Ice       #.......     100%        4    #####..
 Blade Hands              Tmut           #.........   100%        5    ######.
 Lightning Bolt           Conj/Air       #.........   100%        5    ######.
 Metabolic Englaciation   Hex/Ice        #.........   100%        5    ######.
 Yara's Violent Unravell  Hex/Tmut       #.........   100%        5    ######.


Dungeon Overview and Level Annotations

Branches:
Dungeon (12/15)            Temple (1/1) D:4            Lair (6/6) D:8
 Shoals (1/4) Lair:2       Spider (0/4) Lair:3        Slime (0/5) Lair:5
    Orc (1/2) D:11

Altars:
Ashenzari
Cheibriados
Dithmenos
Elyvilon
Fedhas
Gozag
Hepliaklqana
Kikubaaqudgha
Makhleb
Nemelex Xobeh
Okawaru
Qazlal
Ru
Sif Muna
Trog
Uskayaw
Vehumet
Wu Jian
Xom
Yredelemnul
Zin
The Shining One
Jiyva

Shops:
D:7 *

Portals:
Trove: D:11 (give 2 scrolls of acquirement)

Annotations:
D:3 1 runed door
Lair:4 Tiseech's ghost, journeyman DrFE


Innate Abilities, Weirdness & Mutations

You have hooves in place of feet.
Armour fits poorly on your strangely shaped body.
You cover ground very quickly.
You have extremely tough skin. (AC +3)
You have a pair of antennae on your head.
You are partially covered in icy blue scales. (AC +2)
You are partially covered in slimy green scales. (AC +2)
You are dopey. (Int -2)
You are covered in fur. (AC +1)


Message History

a +0 dire flail; a +0 plate armour; an orc corpse You butcher the orc corpse.
p - 3 chunks of flesh {@w0}
Things that are here:
a +0 dire flail; a +0 plate armour; an orc skeleton Eating one of 3 chunks of flesh {@w0}.
You eat one of the 3 chunks of flesh {@w0}.
Things that are here:
a +0 falchion; a +0 war axe; an orc corpse You butcher the orc corpse.
p - 5 chunks of flesh {@w0} (gained 3)
Things that are here:
a +0 falchion; a +0 war axe; an orc skeleton You see here a +0 flail.
There isn't anything to butcher here.
An orc and an ogre come into view.
The ogre shouts!
The orc shouts!
You hear a shout!
An orc wizard comes into view. It is wielding a +0 dagger.
An orc warrior comes into view. It is wielding a +0 trident.
An orc warrior comes into view. It is wielding a +0 battleaxe.
The orc warrior shouts! x2; The orc wizard shouts!
An orc comes into view.
The orc shouts!
An orc knight comes into view. It is wielding a +1 battleaxe.
The orc knight moves out of view.
Okay, then.
Your chain mail prevents you from hitting the ogre.
You barely miss the orc. The ogre hits you with a +0 giant club.
The orc warrior hits you from afar with a +0 trident.
You take 7 damage, and have 116/124 hp.
Okay, then.
Unknown command.
You hit the ogre but do no damage. You kick the ogre. You slash the orc!
You kill the orc!
The orc warrior hits you from afar with a +0 trident!
The ogre barely misses you.
You can now stomp with the beat.
You take 10 damage, and have 106/124 hp.
You stomp with the beat, sending a shockwave through the revelers around you!
You feel somewhat more hungry.
You can no longer stomp with the beat.
A warg comes into view.
The orc warrior closely misses you.
The orc knight roars a battlecry!
The orcs go into a battle-frenzy!
The ogre hits you with a +0 giant club!
The warg howls!
The orc warrior hits you with a +0 battleaxe!
You take 18 damage, and have 88/124 hp.
You now have 24/27 mp.
You hit the ogre. You kick the ogre. You slash the orc!
You kill the orc!
You closely miss the orc warrior.
The orc warrior hits you but does no damage.
You can now stomp with the beat.
You stomp with the beat, sending a shockwave through the revelers around you!
You kill the ogre!
You kill the orc wizard!
You feel somewhat more hungry.
You can no longer stomp with the beat.
The orc warrior hits you with a +0 battleaxe!!
You block the orc warrior's attack.
You take 25 damage, and have 63/124 hp.
MASSIVE DAMAGE!!
You now have 21/27 mp.
You hit the orc warrior. The orc warrior closely misses you.
The orc warrior barely misses you.
Okay, then.
Unknown command.
You hit the orc knight. You kick the orc knight. You slash the orc warrior!
You kill the orc warrior!
The orc knight barely misses you. The orc warrior barely misses you.
You can now stomp with the beat.
You stomp with the beat, sending a shockwave through the revelers around you!
You are feeling hungry.
You can no longer stomp with the beat.
The orc knight hits you but does no damage.
The orc warrior hits you from afar with a +0 trident!!
The warg bites you but does no damage.
You can now stomp with the beat.
You take 22 damage, and have 42/124 hp.
You now have 19/27 mp.
You hit the orc knight but do no damage.
You barely miss the warg. The warg barely misses you.
The orc knight hits you but does no damage.
You block the orc warrior's attack.
You stomp with the beat, sending a shockwave through the revelers around you!
You feel somewhat more hungry.
You can no longer stomp with the beat.
The warg barely misses you.
The orc warrior hits you from afar with a +0 trident!
* * * LOW HITPOINT WARNING * * *
The orc knight closely misses you. The warg closely misses you.
You take 9 damage, and have 33/124 hp.
You now have 16/27 mp.
You closely miss the orc knight. Your kick misses the orc knight.
You slash the warg!
You kill the warg!
The orc warrior hits you from afar with a +0 trident!!
* * * LOW HITPOINT WARNING * * *
You take 23 damage, and have 10/124 hp.
You barely miss the orc knight.
The orc knight hits you with a +1 battleaxe!
You die...

#...## ##..#.## ##
#......#..##.
#.#.........
##.)))....... # ##
##.....#......
###.##.##.......#.#...
#.....)).#.<.....## #
......)@.....#...#
#.#..o)o......#.##
##...........##
..#............ ...
.#.#.......... ..
..$..#....#....# .
................#
...... ......


You could see an orc knight and an orc warrior.

Vanquished Creatures
  6 dire elephants (Lair:6)
  Harold (D:7)
  3 hydras
  Erica (D:8)
  An anaconda (Lair:6)
  3 two-headed ogres
  6 death yaks
  Pikel (D:7)
  3 ugly things (D:11)
  An orc knight (Bailey)
  2 oklob plants (Lair:4)
  7 elephants
  A cyclops (D:11)
  2 black mambas
  2 torpor snails (Lair:4)
  9 spiny frogs
  Psyche (D:8)
  5 komodo dragons
  2 rime drakes (Lair:6)
  2 hornets
  A troll (D:11)
  6 hippogriffs
  A slime creature (Lair:5)
  16 blink frogs
  3 wyverns
  A redback (Lair:3)
  37 yaks
  A wraith (D:11)
  2 basilisks
  Eustachio (D:6)
  A steam dragon (D:12)
  3 hungry ghosts
  A warg (Orc:1)
  An acid dragon (D:11)
  13 water moccasins
  Duvessa (D:7)
  2 porcupines
  6 sky beasts
  2 ice beasts
  4 phantoms
  4 slaves
  2 necrophages
  6 orc warriors
  6 ogres
  4 centaurs
  16 crocodiles
  4 big kobolds (Sewer)
  16 bullfrogs
  Dowan (D:7)
  5 scorpions
  2 wyvern skeletons
  11 killer bees
  13 wights
  4 howler monkeys
  3 crimson imps
  2 bullfrog zombies
  2 bullfrog skeletons
  8 hounds
  4 jellies
  8 orc priests
  5 iguanas
  A centaur skeleton (D:12)
  16 orc wizards
  11 worker ants
  A hell rat (D:8)
  A killer bee zombie (D:6)
  A hound skeleton (D:8)
  A howler monkey zombie (D:6)
  A worker ant zombie (D:11)
  25 gnolls
  14 adders
  8 river rats
  A shadow imp (D:10)
  2 adder skeletons (D:5)
  3 worms
  A dart slug (D:1)
  3 leopard geckos
  52 orcs
  7 giant cockroaches
  3 goblins
  20 hobgoblins
  2 jackals (D:7)
  23 kobolds
  7 quokkas
  9 ball pythons
  3 bats
  3 frilled lizards
  A leopard gecko skeleton (D:4)
  2 quokka zombies
  28 rats
  2 fungi (Lair:6)
  3 plants
543 creatures vanquished.

Vanquished Creatures (others)
  An orc wizard (D:4)
  3 gnolls (D:8)
  6 fungi
  10 plants
20 creatures vanquished.

Grand Total: 563 creatures vanquished

Notes
Turn   | Place    | Note
-------+----------+-------------------------------------------
     0 | D:1      | Bacchus the Centaur Enchanter began the quest for the Orb.
     0 | D:1      | Reached XP level 1. HP: 14/14 MP: 3/3
     0 | D:1      | Toan: I don't think I use my spell-levels on fireball. As
                  | tempting as it is
     2 | D:1      | Bacchus: I'll bet those are boots of running.
     2 | D:1      | Toan: hehe
     2 | D:1      | Toan: you'll never know
     2 | D:1      | Toan: maybe it's -3 cursed boots
    10 | D:1      | Toan: oh this is interesting. Enchanter eh?
    18 | D:1      | Bacchus: Yes.
    18 | D:1      | Bacchus: But I'm planning to switch to mostly-pure melee.
    52 | D:1      | Toan: yea, good idea
   111 | D:1      | Reached skill level 1 in Fighting
   289 | D:1      | Reached XP level 2. HP: 15/24 MP: 2/4
   681 | D:1      | You fall through a shaft!
   693 | D:2      | Reached skill level 2 in Fighting
  1297 | D:2      | Reached XP level 3. HP: 20/30 MP: 5/5
  1402 | D:2      | Reached skill level 3 in Fighting
  1770 | D:2      | Found a shimmering altar of Xom.
  1792 | D:2      | Found a faded altar of an unknown god.
  1806 | D:2      | Became a worshipper of Xom of Bloodstained Whimsey
  1807 | D:2      | Bacchus: lol
  1807 | D:2      | Fell from the grace of Xom
  1872 | D:2      | Reached XP level 4. HP: 27/40 MP: 6/6
  1937 | D:2      | XOM: stat loss: -1 Str (10/11)
  2032 | D:2      | Reached skill level 4 in Fighting
  2322 | D:3      | XOM: 4-stop teleportation journey
  2476 | D:3      | Noticed a bullfrog
  2483 | D:3      | Gained mutation: You occasionally shout uncontrollably at
                  | your foes. [potion of mutation]
  2483 | D:3      | Gained mutation: Scrolls take you a little longer to read.
                  | [potion of mutation]
  2483 | D:3      | Gained mutation: You are partially covered in yellow
                  | scales. (AC +2) [potion of mutation]
  2484 | D:3      | HP: 10/41 [orc priest/divine providence (14)]
  2491 | D:3      | Killed a bullfrog
  2491 | D:3      | Reached skill level 5 in Fighting
  2491 | D:3      | Reached XP level 5. HP: 30/48 MP: 7/7
  2753 | D:3      | Found a glowing silver altar of Zin.
  2753 | D:3      | Found a runed door.
  2753 | D:3      | Noticed an angel
  2767 | D:3      | Bacchus: Where the fuck is the sewer?
  2792 | D:3      | Toan: bottom left maybe
  2823 | D:3      | Toan: glass indicates it
  2862 | D:3      | XOM: mild Summ miscast
  2966 | D:3      | Found a glowing drain.
  2975 | D:3      | Reached XP level 6. HP: 31/57 MP: 8/8
  2981 | Sewer    | Entered a sewer
  3077 | Sewer    | Bacchus: There.
  3077 | Sewer    | Bacchus: Sheesh.
  3134 | Sewer    | Toan: lol
  3139 | Sewer    | Toan: also, found a D2 chei again
  3142 | Sewer    | Reached skill level 6 in Fighting
  3159 | Sewer    | Bacchus: Oh, I worshipped at a faded altar.
  3159 | Sewer    | Bacchus: It was Xom.
  3159 | Sewer    | Bacchus: So I abandoned him.
  3414 | Sewer    | XOM: scenery: 1 doors open
  3495 | Sewer    | Reached skill level 7 in Fighting
  3513 | Sewer    | Reached XP level 7. HP: 42/66 MP: 9/9
  3563 | Sewer    | Toan: Faded altars suck. Anyway catch you later. I’m off.
                  | Good luck
  3568 | Sewer    | Bacchus: Hasta.
  3688 | Sewer    | XOM: divination: detect creatures
  3880 | Sewer    | HP: 15/66 [kobold/+0 dagger (5)]
  3885 | Sewer    | HP: 16/66 [big kobold/+0 short sword (5)]
  3895 | Sewer    | HP: 15/66 [big kobold/+0 short sword (3)]
  3903 | Sewer    | HP: 15/66 [big kobold/+0 short sword (2)]
  4660 | D:3      | Reached skill level 8 in Fighting
  5112 | D:4      | Found a staircase to the Ecumenical Temple.
  5153 | Temple   | Entered the Ecumenical Temple
  5194 | Temple   | Became a worshipper of Uskayaw the Reveler
  5307 | D:4      | Reached * piety under Uskayaw
  5320 | D:4      | Found a snail-covered altar of Cheibriados.
  5386 | D:4      | Reached ** piety under Uskayaw
  5397 | D:4      | Reached skill level 9 in Fighting
  5401 | D:4      | Reached *** piety under Uskayaw
  5402 | D:4      | HP: 15/70 [orc priest/+0 hand axe (4)]
  5403 | D:4      | Reached skill level 1 in Invocations
  5410 | D:4      | HP: 14/70 [poisoned by a worker ant]
  6069 | D:4      | XOM: give mutations
  6069 | D:4      | Gained mutation: You sometimes yell uncontrollably at your
                  | foes. [Xom's mischief]
  6069 | D:4      | Gained mutation: Your mind is acute. (Int +2) [Xom's
                  | mischief]
  6327 | D:5      | Entered Level 5 of the Dungeon
  6341 | D:5      | Reached skill level 2 in Invocations
  6341 | D:5      | Reached XP level 8. HP: 44/78 MP: 10/10
  6477 | D:5      | XOM: 1-stop teleportation journey
  6483 | D:5      | Reached skill level 3 in Invocations
  6509 | D:5      | Reached skill level 4 in Invocations
  6534 | D:5      | Reached **** piety under Uskayaw
  6536 | D:5      | HP: 12/78 [acid (8)]
  6566 | D:5      | HP: 11/78 [adder skeleton (4)]
  6910 | D:5      | XOM: give mutations
  6910 | D:5      | Gained mutation: You expend magic power (3 MP) to
                  | strengthen your wands. [Xom's mischief]
  6910 | D:5      | Gained mutation: Scrolls take you longer to read. [Xom's
                  | mischief]
  6917 | D:5      | Reached skill level 1 in Axes
  6938 | D:5      | Reached skill level 5 in Invocations
  7103 | D:5      | Reached skill level 2 in Axes
  7113 | D:5      | Found a stormy altar of Qazlal.
  7190 | D:5      | XOM: medium Pois miscast
  7357 | D:6      | Reached skill level 3 in Axes
  7357 | D:6      | Reached skill level 6 in Invocations
  7360 | D:6      | XOM: 2-stop teleportation journey
  7737 | D:6      | Reached XP level 9. HP: 66/83 MP: 13/13
  7764 | D:6      | Reached skill level 4 in Axes
  7889 | D:6      | Reached skill level 7 in Invocations
  7941 | D:6      | Noticed Eustachio
  7953 | D:6      | Killed Eustachio
  8458 | D:7      | Reached skill level 5 in Axes
  8792 | D:7      | Found Jeob's Assorted Antiques.
  8800 | D:7      | Bought 2 scrolls labeled QAKLIT UMUD for 60 gold pieces
  8800 | D:7      | Bought a shimmering chain mail for 285 gold pieces
  8812 | D:7      | Identified the +1 chain mail of the Equator {Dex+2} (You
                  | bought it in a shop on level 7 of the Dungeon)
  8834 | D:7      | Reached skill level 8 in Invocations
  8834 | D:7      | Noticed Duvessa
  8837 | D:7      | Noticed Dowan
  8840 | D:7      | XOM: blink monster(s)
  8844 | D:7      | Noticed Harold
  8846 | D:7      | Killed Duvessa
  8856 | D:7      | Killed Dowan
  8858 | D:7      | Reached ***** piety under Uskayaw
  8860 | D:7      | HP: 8/83 [Harold/+0 mace (19)]
  8866 | D:7      | HP: 19/83 [Harold/+0 mace (7)]
  8869 | D:7      | Killed Harold
  8869 | D:7      | Reached skill level 6 in Axes
  8869 | D:7      | Reached skill level 9 in Invocations
  8869 | D:7      | Reached XP level 10. HP: 21/91 MP: 0/16
  8874 | D:7      | HP: 19/91 [wight/+2 dagger (4)]
  9044 | D:6      | XOM: give mutations
  9044 | D:6      | Lost mutation: You sometimes yell uncontrollably at your
                  | foes. [Xom's mischief]
  9044 | D:6      | Gained mutation: You are clumsy. (Dex -2) [Xom's mischief]
  9044 | D:6      | Lost mutation: Scrolls take you longer to read. [Xom's
                  | mischief]
  9191 | D:7      | Noticed Pikel
  9300 | D:6      | XOM: mild Tmut miscast
  9335 | D:7      | Killed Pikel
  9335 | D:7      | Reached skill level 7 in Axes
  9343 | D:7      | XOM: give mutations
  9343 | D:7      | Gained mutation: You have an increased reservoir of magic.
                  | (+10% MP) [Xom's grace]
  9343 | D:7      | Gained mutation: You are resistant to hostile enchantments.
                  | (MR+) [Xom's grace]
  9343 | D:7      | Gained mutation: You are robust. (+10% HP) [Xom's grace]
  9343 | D:7      | Gained mutation: You evolve. [Xom's grace]
  9845 | D:8      | Got a fine ruby amulet
  9846 | D:8      | Identified the amulet of Julenk {Reflect Str+3 SH+5} (You
                  | found it on level 8 of the Dungeon)
  9900 | D:8      | Lost mutation: You occasionally shout uncontrollably at
                  | your foes. [evolution]
  9900 | D:8      | Lost mutation: You evolve. [end of evolution]
  9957 | D:8      | XOM: 1-stop teleportation journey
 10040 | D:8      | Noticed Erica
 10059 | D:8      | Reached skill level 10 in Invocations
 10075 | D:8      | Killed Erica
 10432 | D:8      | Found a radiant altar of Vehumet.
 10462 | D:8      | Found a staircase to the Lair.
 10464 | D:8      | Noticed a death yak
 10464 | D:8      | Noticed a death yak
 10467 | D:8      | Noticed a death yak
 10478 | D:8      | Killed a death yak
 10478 | D:8      | Reached skill level 8 in Axes
 10650 | D:8      | XOM: medium Erth miscast
 10870 | D:7      | Killed a death yak
 10870 | D:7      | Reached skill level 11 in Invocations
 11323 | D:8      | Noticed Psyche
 11332 | D:8      | Killed Psyche
 11377 | D:8      | XOM: summons 4 hostile shadow creatures
 11378 | D:8      | Noticed a two-headed ogre
 11834 | Lair:1   | Entered Level 1 of the Lair of Beasts
 11837 | Lair:1   | XOM: blink monster(s)
 11881 | Lair:1   | Reached skill level 9 in Axes
 11881 | Lair:1   | Reached XP level 11. HP: 43/106 MP: 21/21
 12168 | Lair:1   | XOM: 2-stop teleportation journey
 12780 | Lair:1   | XOM: medium Erth miscast
 12780 | Lair:1   | Was forgiven by Xom
 13043 | Lair:1   | Lost mutation: Your mind is acute. (Int +2) [potion of
                  | mutation]
 13043 | Lair:1   | Lost mutation: You are resistant to hostile enchantments.
                  | (MR+) [potion of mutation]
 13043 | Lair:1   | Lost mutation: You have an increased reservoir of magic.
                  | (+10% MP) [potion of mutation]
 13043 | Lair:1   | Lost mutation: Scrolls take you a little longer to read.
                  | [potion of mutation]
 13043 | Lair:1   | Gained mutation: Scrolls take you a little longer to read.
                  | [potion of mutation]
 13043 | Lair:1   | Gained mutation: You can translocate small distances at
                  | will. [potion of mutation]
 13044 | Lair:1   | Lost mutation: Scrolls take you a little longer to read.
                  | [potion of mutation]
 13044 | Lair:1   | Lost mutation: You are clumsy. (Dex -2) [potion of
                  | mutation]
 13044 | Lair:1   | Gained mutation: You possess an exceptional clarity of
                  | mind. [potion of mutation]
 13044 | Lair:1   | Gained mutation: Scrolls take you a little longer to read.
                  | [potion of mutation]
 13044 | Lair:1   | Gained mutation: Your muscles are strong. (Str +2) [potion
                  | of mutation]
 13045 | Lair:1   | Faggy.
 13322 | Lair:1   | Reached skill level 12 in Invocations
 13744 | Lair:1   | Reached skill level 10 in Axes
 13980 | Lair:2   | Noticed a death yak
 13980 | Lair:2   | Noticed a death yak
 13980 | Lair:2   | Noticed a death yak
 13980 | Lair:2   | Noticed a death yak
 14040 | Lair:1   | Killed a death yak
 14040 | Lair:1   | Reached skill level 1 in Armour
 14101 | Lair:1   | Killed a death yak
 14101 | Lair:1   | Reached skill level 2 in Armour
 14622 | Lair:1   | Killed a death yak
 14622 | Lair:1   | Reached skill level 3 in Armour
 14683 | Lair:1   | Killed a death yak
 14683 | Lair:1   | Reached skill level 4 in Armour
 15038 | Lair:2   | Reached skill level 5 in Armour
 15047 | Lair:2   | HP: 26/106 [elephant (1)]
 15498 | Lair:2   | Reached skill level 6 in Armour
 15500 | Lair:2   | Reached XP level 12. HP: 78/114 MP: 18/21
 15644 | Lair:2   | Found a staircase to the Shoals.
 15850 | Shoals:1 | Entered Level 1 of the Shoals
 16575 | Lair:3   | Got an ichor-stained cloak
 16588 | Lair:3   | Identified the +1 cloak "Jaxeampi" {rPois Str-3 Int+8} (You
                  | found it on level 3 of the Lair of Beasts)
 16717 | Lair:3   | Noticed a five-headed hydra
 16736 | Lair:3   | Killed a one-headed hydra
 16736 | Lair:3   | Reached skill level 7 in Armour
 16765 | Lair:3   | Found a hole to the Spider Nest.
 17766 | Lair:4   | Reached skill level 8 in Armour
 17889 | Lair:4   | HP: 26/114 [yak[a torpor snail] (6)]
 17891 | Lair:4   | HP: 12/114 [yak[a torpor snail] (5)]
 17891 | Lair:4   | HP: 2/114 [torpor snail (10)]
 18294 | Lair:4   | Got an ancient lead amulet
 18296 | Lair:4   | Identified the amulet "Ezack" {+Rage MP+9 Str+4 Int+3 SInv}
                  | (You found it on level 4 of the Lair of Beasts)
 18304 | Lair:4   | Found a runed door.
 18309 | Lair:4   | Noticed Tiseech's ghost (journeyman DrFE)
 18517 | Lair:5   | Noticed a six-headed hydra
 18529 | Lair:5   | Killed a one-headed hydra
 18581 | Lair:5   | Reached skill level 9 in Armour
 19023 | Lair:5   | Found a runed door.
 19026 | Lair:5   | Found a viscous altar of Jiyva.
 19077 | Lair:5   | Found a staircase to the Slime Pits.
 19679 | Lair:6   | Entered Level 6 of the Lair of Beasts
 19679 | Lair:6   | Noticed a four-headed hydra
 19686 | Lair:6   | Killed a one-headed hydra
 19752 | Lair:6   | Reached skill level 10 in Armour
 20052 | Lair:6   | Reached XP level 13. HP: 83/122 MP: 16/22
 21462 | Lair:6   | Learned a level 1 spell: Apportation
 21618 | Lair:6   | Noticed a dire elephant
 21910 | Lair:6   | Killed a dire elephant
 21910 | Lair:6   | Reached skill level 13 in Invocations
 22156 | Lair:6   | Noticed a dire elephant
 22156 | Lair:6   | Noticed a dire elephant
 22169 | Lair:6   | Noticed a dire elephant
 22228 | Lair:6   | Killed a dire elephant
 22357 | Lair:6   | Noticed a dire elephant
 22461 | Lair:6   | Noticed a dire elephant
 22697 | Lair:6   | Killed a dire elephant
 22715 | Lair:6   | Killed a dire elephant
 23272 | Lair:6   | Killed a dire elephant
 23486 | Lair:6   | Killed a dire elephant
 23486 | Lair:6   | Reached skill level 14 in Invocations
 23924 | Lair:6   | Lost mutation: Your muscles are strong. (Str +2) [potion of
                  | mutation]
 23924 | Lair:6   | Lost mutation: You expend magic power (3 MP) to strengthen
                  | your wands. [potion of mutation]
 23924 | Lair:6   | Gained mutation: You have a pair of small antennae on your
                  | head. [potion of mutation]
 23924 | Lair:6   | Gained mutation: Your spells are a little harder to cast,
                  | but a little more powerful. [potion of mutation]
 23925 | Lair:6   | God damn.
 24036 | Lair:4   | HP: 29/122 [oklob plant/splash of acid (7)]
 24687 | Lair:4   | HP: 25/122 [Tiseech's ghost (7)]
 25181 | D:9      | Found a deep blue altar of Sif Muna.
 25291 | D:9      | Reached skill level 15 in Invocations
 25634 | D:9      | Reached ****** piety under Uskayaw
 26340 | D:10     | Entered Level 10 of the Dungeon
 26885 | D:10     | You fall through a shaft for 2 floors!
 26886 | D:12     | fucker
 27395 | D:11     | Ugh.
 27399 | D:11     | Found a portal to a secret trove of treasure.
 27406 | D:11     | Reached skill level 16 in Invocations
 27442 | D:11     | Reached XP level 14. HP: 51/129 MP: 9/26
 27554 | D:11     | HP: 31/129 [two-headed ogre/+0 giant club (12)]
 27722 | D:11     | Found a staircase to the Orcish Mines.
 28051 | D:11     | Found a flagged portal.
 28057 | D:11     | Lost mutation: You possess an exceptional clarity of mind.
                  | [potion of mutation]
 28057 | D:11     | Lost mutation: Your spells are a little harder to cast, but
                  | a little more powerful. [potion of mutation]
 28057 | D:11     | Lost mutation: You are partially covered in yellow scales.
                  | (AC +2) [potion of mutation]
 28057 | D:11     | Gained mutation: Your movements are slightly less
                  | encumbered by armour. (ER -2) [potion of mutation]
 28057 | D:11     | Gained mutation: You have a pair of antennae on your head.
                  | [potion of mutation]
 28058 | D:11     | Lost mutation: Scrolls take you a little longer to read.
                  | [potion of mutation]
 28058 | D:11     | Lost mutation: You can translocate small distances at will.
                  | [potion of mutation]
 28058 | D:11     | Gained mutation: Your magical capacity is low. (-10% MP)
                  | [potion of mutation]
 28058 | D:11     | Gained mutation: You are partially covered in icy blue
                  | scales. (AC +2) [potion of mutation]
 28062 | Bailey   | Entered a bailey
 28540 | Bailey   | Lost mutation: You are robust. (+10% HP) [potion of
                  | mutation]
 28540 | Bailey   | Lost mutation: Your movements are slightly less encumbered
                  | by armour. (ER -2) [potion of mutation]
 28540 | Bailey   | Lost mutation: Your magical capacity is low. (-10% MP)
                  | [potion of mutation]
 28540 | Bailey   | Gained mutation: You are dopey. (Int -2) [potion of
                  | mutation]
 28540 | Bailey   | Gained mutation: You are partially covered in slimy green
                  | scales. (AC +2) [potion of mutation]
 28540 | Bailey   | Gained mutation: You are covered in fur. (AC +1) [potion of
                  | mutation]
 28903 | Bailey   | Reached skill level 4 in Dodging
 28903 | Bailey   | Reached XP level 15. HP: 124/124 MP: 27/27
 29316 | Orc:1    | Entered Level 1 of the Orcish Mines
 29349 | Orc:1    | HP: 10/124 [orc warrior/+0 trident[an orc knight] (23)]
 29350 | Orc:1    | Slain by an orc knight

Vault maps used:
D:1:      mrwooster_arrival_statue_2, solitary_fountain
D:2:      nicolae_overflow_crystal_walls, first_ration,
          chequers_ecumenical_altar_simple
D:3:      serial_co_window_serial, co_window_paths_a, co_window_paths_a,
          co_window_paths_b, co_window_corner_a, co_window_paths_b,
          co_window_unsneaky_path_b, co_window_paths_c, co_window_broadway_a,
          co_window_corner_cb, co_window_unsneaky_path_b, co_window_corner_ca,
          co_window_broadway_a, co_window_4corner_a, glass_columns_a,
          portal_sewer_entry_e, lemuel_angel_altar
D:4:      nicolae_overflow_hidden_temple, temple_green
D:5:      grunt_qazlal_sundering, grunt_ministairs_8
D:6:      uniq_eustachio
D:7:      serial_shops, nicolae_shop_overgrown_old_shop, uniq_duvessa,
          uniq_harold, uniq_pikel
D:8:      fiery_altar_vehumet, dpeg_lair_monsters, uniq_erica, uniq_psyche
D:9:      lemuel_ice_spiral_2, basic_altar
D:10:     hangedman_fish_farm
D:11:     enter_bailey_2, enter_trove_0
D:12:     serial_shops, nicolae_shop_temple_entry_statues_fountains, basic_altar
Temple:   regret_index_temple_mists
Lair:2:   shoals_dummy_entry, serial_rivers, chequers_serial_rivers_small_b,
          chequers_serial_rivers_micro_a, chequers_serial_rivers_micro_a,
          chequers_serial_rivers_micro_d
Lair:3:   spider_nest_entry_webs, serial_bayou_shore_b, grunt_megastairs_3
Lair:4:   ebering_ghost_inner_flame, minmay_lair_oklob_chamber
Lair:5:   slime_altar_2
Lair:6:   due_jungle_book
Shoals:1: serial_shops, nicolae_shop_stone, uniq_nikola
Orc:1:    basic_altar, portal_ice_cave_entry_imps
Sewer:    sewer_minmay_treatment
Bailey:   bailey_axe_2, bailey

Skill      XL: |  1  2  3  4  5  6  7  8  9 10 11 12 13 14 |
---------------+-------------------------------------------+-----
Fighting       | 1 2 3 5 7 9 |  9.0
Invocations    | 2 6 9 11 12 16 | 16.7
Axes           | 3 6 9 10 | 10.0
Armour         | 6 10 | 10.0
Dodging        | 4 |  4.9
Short Blades   | |  0.8
Stealth        | |  1.7
Spellcasting   | |  1.5
Hexes          | |  2.6

Action                   |  1- 3 |  4- 6 |  7- 9 | 10-12 | 13-15 || total
-------------------------+-------+-------+-------+-------+-------++-------
Melee: Dagger            |    88 |   164 |   217 |       |       ||   469
       Kick              |    13 |    21 |    91 |   170 |   178 ||   473
       Hand axe          |       |       |   181 |   559 |   154 ||   894
       Broad axe         |       |       |       |       |   389 ||   389
 Fire: Shortbow          |       |       |       |     8 |    17 ||    25
 Cast: Corona            |     4 |     3 |     1 |       |       ||     8
Invok: Renounce Religion |     1 |       |       |       |       ||     1
       Stomp             |       |       |    28 |    75 |    86 ||   189
       Line Pass         |       |       |     2 |     1 |     5 ||     8
 Abil: Blink             |       |       |       |     3 |     2 ||     5
Evoke: Wand              |       |       |       |     1 |     5 ||     6
       Lamp of fire      |       |       |       |       |     1 ||     1
  Use: Scroll            |       |     8 |       |    15 |     6 ||    29
       Potion            |       |     2 |     4 |     3 |    17 ||    26
 Stab: Sleeping          |       |     1 |       |       |       ||     1
       Paralysed         |       |       |     8 |    37 |    20 ||    65
       Distracted        |       |       |     1 |       |       ||     1
       Confused          |       |       |     1 |       |     3 ||     4
  Eat: Chunk             |     2 |     5 |    23 |    29 |    28 ||    87
       Ration            |       |       |     1 |     4 |     7 ||    12
Armor: Robe              |    26 |    85 |    73 |       |       ||   184
       Scale mail        |       |       |    38 |       |       ||    38
       Chain mail        |       |       |   125 |   303 |   377 ||   805
Dodge: Dodged            |    32 |   113 |   106 |   111 |   146 ||   508
Block: Other             |       |       |       |   106 |   113 ||   219
       Reflection        |       |       |       |     2 |     6 ||     8

Table legend:
 A = Non-vault XP
 B = Vault XP
 C = Vault XP percentage of total XP
 D = Non-vault monster count
 E = Vault monster count
 F = Vault count percentage of total count
                 A         B        C        D         E       F
            +---------+---------+-------+---------+---------+-------
      Total |   58138 |   11257 |  16.2 |     423 |     112 |  20.9
            +---------+---------+-------+---------+---------+-------
        D:1 |      18 |       0 |   0.0 |       9 |       0 |   0.0
        D:2 |     124 |       0 |   0.0 |      24 |       0 |   0.0
        D:3 |     263 |      34 |  11.4 |      19 |       8 |  29.6
        D:4 |     438 |       0 |   0.0 |      26 |       0 |   0.0
        D:5 |     703 |       0 |   0.0 |      17 |       0 |   0.0
        D:6 |    1293 |     191 |  12.9 |      22 |       1 |   4.3
        D:7 |    1110 |    2775 |  71.4 |      37 |       5 |  11.9
        D:8 |    1539 |    1890 |  55.1 |      30 |       6 |  16.7
        D:9 |    2781 |       0 |   0.0 |      32 |       0 |   0.0
       D:10 |    2984 |       0 |   0.0 |      23 |       0 |   0.0
       D:11 |    6112 |       0 |   0.0 |      32 |       0 |   0.0
       D:12 |    2878 |       0 |   0.0 |      25 |       0 |   0.0
     Lair:1 |    8169 |       0 |   0.0 |      25 |       0 |   0.0
     Lair:2 |    5147 |       0 |   0.0 |      18 |       0 |   0.0
     Lair:3 |    2109 |     207 |   8.9 |       7 |       1 |  12.5
     Lair:4 |    3968 |    1595 |  28.7 |      19 |       3 |  13.6
     Lair:5 |    4590 |     253 |   5.2 |      22 |       1 |   4.3
     Lair:6 |   13264 |    2944 |  18.2 |      26 |       5 |  16.1
      Orc:1 |     648 |       0 |   0.0 |      10 |       0 |   0.0
      Sewer |       0 |     541 | 100.0 |       0 |      48 | 100.0
     Bailey |       0 |     827 | 100.0 |       0 |      34 | 100.0
            +---------+---------+-------+---------+---------+-------

Vault maps used:
D:1:      mrwooster_arrival_statue_2, solitary_fountain
D:2:      nicolae_overflow_crystal_walls, first_ration,
          chequers_ecumenical_altar_simple
D:3:      serial_co_window_serial, co_window_paths_a, co_window_paths_a,
          co_window_paths_b, co_window_corner_a, co_window_paths_b,
          co_window_unsneaky_path_b, co_window_paths_c, co_window_broadway_a,
          co_window_corner_cb, co_window_unsneaky_path_b, co_window_corner_ca,
          co_window_broadway_a, co_window_4corner_a, glass_columns_a,
          portal_sewer_entry_e, lemuel_angel_altar
D:4:      nicolae_overflow_hidden_temple, temple_green
D:5:      grunt_qazlal_sundering, grunt_ministairs_8
D:6:      uniq_eustachio
D:7:      serial_shops, nicolae_shop_overgrown_old_shop, uniq_duvessa,
          uniq_harold, uniq_pikel
D:8:      fiery_altar_vehumet, dpeg_lair_monsters, uniq_erica, uniq_psyche
D:9:      lemuel_ice_spiral_2, basic_altar
D:10:     hangedman_fish_farm
D:11:     enter_bailey_2, enter_trove_0
D:12:     serial_shops, nicolae_shop_temple_entry_statues_fountains, basic_altar
Temple:   regret_index_temple_mists
Lair:2:   shoals_dummy_entry, serial_rivers, chequers_serial_rivers_small_b,
          chequers_serial_rivers_micro_a, chequers_serial_rivers_micro_a,
          chequers_serial_rivers_micro_d
Lair:3:   spider_nest_entry_webs, serial_bayou_shore_b, grunt_megastairs_3
Lair:4:   ebering_ghost_inner_flame, minmay_lair_oklob_chamber
Lair:5:   slime_altar_2
Lair:6:   due_jungle_book
Shoals:1: serial_shops, nicolae_shop_stone, uniq_nikola
Orc:1:    basic_altar, portal_ice_cave_entry_imps
Sewer:    sewer_minmay_treatment
Bailey:   bailey_axe_2, bailey

Table legend:
 A = Turns spent in this place as a percentage of turns spent in the entire game.
 B = Non-inter-level travel turns spent in this place as a percentage of non-inter-level travel turns spent in the entire game.
 C = Inter-level travel turns spent in this place as a percentage of turns spent in this place.
 D = Turns resting spent in this place as a percentage of non-inter-level travel turns spent in this place.
 E = Turns spent auto-exploring this place as a percentage of non-inter-level travel turns spent in this place.
 F = Non-inter-level travel turns spent in this place divided by the number of levels of this place that you've seen.
                   A       B       C       D       E      F
               +-------+-------+-------+-------+-------+----------------------
         Total | 100.0 | 100.0 |   2.7 |  42.5 |  33.5 | 1241.2
       Dungeon |  46.8 |  46.7 |   3.1 |  35.0 |  37.8 | 1110.8
        Temple |   0.5 |   0.4 |  15.3 |   0.0 |  93.1 | 116.0
          Lair |  45.1 |  45.2 |   2.7 |  48.5 |  31.9 | 2148.2
        Shoals |   0.0 |   0.0 |   0.0 |   0.0 |   0.0 |   2.0
  Orcish Mines |   0.1 |   0.1 |   0.0 |   0.0 |   0.0 |  34.0
         Sewer |   4.5 |   4.7 |   0.0 |  50.0 |  17.4 | 1333.0
        Bailey |   2.9 |   3.0 |   0.0 |  64.8 |   9.4 | 843.0
               +-------+-------+-------+-------+-------+----------------------

Table legend:
 A = Kills in this place as a percentage of kills in entire the game.
 B = Kills by you in this place as a percentage of kills by you in the entire game.
 C = Kills by friends in this place as a percentage of kills by friends in the entire game.
 D = Other kills in this place as a percentage of other kills in the entire game.
 E = Experience gained in this place as a percentage of experience gained in the entire game.
 F = Experience gained in this place divided by the number of levels of this place that you have seen.
                   A       B       C       D       E      F
               +-------+-------+-------+-------+-------+----------------------
         Total | 100.0 | 100.0 |   N/A | 100.0 | 100.0 | 3017.2
       Dungeon |  59.1 |  58.8 |   N/A | 100.0 |  36.2 | 2094.4
          Lair |  23.7 |  23.9 |   N/A |   0.0 |  60.9 | 7041.0
  Orcish Mines |   1.9 |   1.9 |   N/A |   0.0 |   0.9 | 648.0
         Sewer |   9.0 |   9.0 |   N/A |   0.0 |   0.8 | 541.0
        Bailey |   6.4 |   6.4 |   N/A |   0.0 |   1.2 | 827.0
               +-------+-------+-------+-------+-------+----------------------
